Cogmind - Beta 12 @@@ ROGUE MODE // 2024.01.29 @ 21:38:14 Player: Dosh Result: Destroyed by G-73 Enforcer with Phase Gun Performance ------------- Evolutions (8) 4000 Regions Visited (28) 5600 Robots Destroyed (531) 2655 Value Destroyed (24438) 24438 Prototype IDs (42) 840 Alien Tech Used (10) 2000 Bonus (13508) 13508 TOTAL SCORE: 53041 Bonus ------- Triggered Max Security 2000 High Alert Combat Kills 2615 Follower Combat Kills 3006 Entered Garrisons 1000 Used RIF Installer 2500 Entered DSFs 500 Network Hubs Disabled 600 Aligned with FarCom 300 A7 Reached Mainframe 300 Met R17 at Cetus 500 Scanned by Researcher 500 Pursued by Intercept 500 Friendly Fire -813 Cogmind --------- Core Integrity 0/1450 Matter 19/425 Energy 400/400 System Corruption 3% Temperature Cool (0) Movement Core (150) Ox2 Location -2/Section 7 Parts ------- > --- POWER (2) -------- Micro Antimatter Reactor > --- PROPULSION (7) --- Cooled Nuclear Pulse Thruster > --- UTILITY (12) ----- Experimental Coolant Injector Machine Analyzer Machine Analyzer Advanced System Shield Relay Coupler [NC] (9) Advanced Corruption Screen > --- WEAPON (2) ------- (None) > --- INVENTORY (7) ---- Advanced Energy Well (500) Sigix Corpse Peak State ------------ > --- POWER ------------ Light Quantum Reactor Light Quantum Reactor > --- PROPULSION ------- Biometal Heavy Treads Centrium Wheel Centrium Wheel > --- UTILITY ---------- Advanced Power Amplifier Advanced Heat Sink Advanced Cooling System Huge Storage Unit Quantum Capacitor Improved Heavy Armor Plating Improved Force Field Antimissile System Relay Coupler [NC] > --- WEAPON ----------- HERF Cannon Enhanced Nova Cannon > --- INVENTORY -------- Neutrino Core Antimatter Reactor Light Quantum Reactor Centrium Wheel Antigrav System Cooled Nuclear Pulse Thruster Cooled Nuclear Pulse Thruster Cooled Nuclear Pulse Thruster Cooled Nuclear Pulse Thruster Cooled Nuclear Pulse Thruster Cooled Nuclear Pulse Thruster Advanced Power Amplifier Advanced Heat Sink Advanced Heat Sink Advanced Energy Well Advanced Matter Compressor Improved Medium Armor Plating Improved EM Pulse Cannon Long-range Proton Cannon HERF Cannon HERF Cannon Enhanced Nova Cannon Enhanced Nova Cannon Fusion Bomb Launcher Improved Remote Datajack [Rating: 142] Favorites ----------- Power Micro Antimatter Reactor Engine Heavy Ion Engine Power Core Neutrino Core Reactor Micro Antimatter Reactor Propulsion Medium Treads Treads Medium Treads Leg Carbon-fiber Leg Wheel Centrium Wheel Hover Unit Combat Antigrav System Flight Unit Cooled Nuclear Pulse Thruster Utility Relay Coupler [NC] Device Advanced Cooling System Storage Huge Storage Unit Processor Machine Analyzer Hackware Relay Coupler [NC] Protection Medium Reactive Plating Artifact Microwarp Drive Weapon Heavy Phase Cannon Energy Gun Improved EM Shotgun Energy Cannon Heavy Phase Cannon Ballistic Gun Light Assault Rifle Ballistic Cannon Enhanced Gauss Cannon Launcher Fusion Bomb Launcher Special Weapon Remote Datajack Slashing Weapon Great Axe Build | -11 -10 -10 -9 -9 -9 -8 -8 -8 -8 -8 -7 -7 -7 -7 -6 -6 -5 -5 -5 -5 -5 -4 -4 -3 -3 -2 -2 -2 ------- Run | Jun Mat Min Mat Min Exi Min Mat Gar Mat Gar Fac Gar Fac Gar Fac Gar Fac Ext Cet Arc Hub Fac Arm Res DSF Res Qua Sec Slots Evolved 16 | . . . 2 . . . 2 . . . 2 . . . 2 . 2 . . . . 2 . 2 . 2 . . Power 1 | . . . . . . . . . . . . . . . . . 1 . . . . . . . . . . . Propulsion 5 | . . . . . . . 2 . . . . . . . . . . . . . . . . 2 . 1 . . Utility 10 | . . . 2 . . . . . . . 2 . . . 2 . 1 . . . . 2 . . . 1 . . Weapon . | . . . . . . . . . . . . . . . . . . . . . . . . . . . . . Parts Attached 472 | 6 17 1 32 6 . 3 28 5 8 4 10 6 20 10 31 19 32 9 9 8 36 52 81 2 7 15 4 11 Power 42 | 1 4 . 2 1 . . . . 1 . . . 2 . 2 1 1 1 2 . 3 6 9 . 2 . 3 1 Engine 10 | 1 4 . 2 1 . . . . 1 . . . 1 . . . . . . . . . . . . . . . Core 10 | . . . . . . . . . . . . . 1 . 2 . . 1 . . 1 4 1 . . . . . Reactor 22 | . . . . . . . . . . . . . . . . 1 1 . 2 . 2 2 8 . 2 . 3 1 Propulsion 89 | 2 6 . 7 . . . 14 1 1 . 4 . 5 2 6 4 7 . 1 . 1 3 22 2 . . 1 . Treads 56 | 2 5 . 7 . . . 11 1 1 . 4 . 5 2 3 2 6 . 1 . 1 3 2 . . . . . Leg 1 | . . . . . . . . . . . . . . . . . 1 . . . . . . . . . . . Wheel 16 | . 1 . . . . . 3 . . . . . . . 3 1 . . . . . . 8 . . . . . Hover 2 | . . . . . . . . . . . . . . . . 1 . . . . . . 1 . . . . . Flight 14 | . . . . . . . . . . . . . . . . . . . . . . . 11 2 . . 1 . Utility 193 | 1 3 . 8 2 . 1 6 3 5 3 5 2 3 5 11 5 17 7 6 7 14 30 26 . 4 11 . 8 Device 90 | . . . 1 1 . . 2 2 1 2 2 1 1 2 8 2 7 3 3 4 8 13 16 . 3 6 . 2 Storage 10 | 1 1 . . . . 1 . 1 . 1 . . . . . . . 1 1 . . 1 1 . . 1 . . Processor 12 | . 1 . 1 . . . . . . . . . . . . . . . . . 1 2 3 . . 3 . 1 Hackware 22 | . . . 2 . . . . . 1 . 2 . . 1 2 . 4 1 . 3 . 4 . . 1 1 . . Protection 54 | . 1 . 4 1 . . 4 . 3 . 1 1 2 2 1 3 6 2 2 . 5 10 6 . . . . . Artifact 5 | . . . . . . . . . . . . . . . . . . . . . . . . . . . . 5 Weapon 148 | 2 4 1 15 3 . 2 8 1 1 1 1 4 10 3 12 9 7 1 . 1 18 13 24 . 1 4 . 2 Energy Gun 19 | 1 1 . 7 2 . 1 3 . . . . . . . . . . . . . . . 3 . 1 . . . Energy Cannon 54 | . . . 1 . . . 4 1 . 1 1 2 5 1 4 6 . . . 1 6 7 12 . . 2 . . Ballistic Gun 6 | 1 3 1 . . . . . . . . . . . 1 . . . . . . . . . . . . . . Ballistic Cannon 30 | . . . 4 . . . 1 . 1 . . . 2 1 3 1 4 1 . . 4 4 4 . . . . . Launcher 18 | . . . 1 1 . 1 . . . . . 2 1 . 3 2 . . . . 1 2 4 . . . . . Special Weapon 16 | . . . . . . . . . . . . . 2 . 2 . 3 . . . 7 . 1 . . 1 . . Impact Weapon . | . . . . . . . . . . . . . . . . . . . . . . . . . . . . . Slashing Weapon 5 | . . . 2 . . . . . . . . . . . . . . . . . . . . . . 1 . 2 Piercing Weapon . | . . . . . . . . . . . . . . . . . . . . . . . . . . . . . Special Melee Weapon . | . . . . . . . . . . . . . . . . . . . . . . . . . . . . . Unidentified Prototypes 29 | . 1 . 2 . . . 2 . . . . . . . . . 1 . 3 . 1 1 5 . . 3 1 9 Corrupted Parts 1 | . . . . . . . . . . . . . . . . . . . . . 1 . . . . . . . System Corruption 4 | . . . . . . . . . . . . . . . . . . . . . 4 . . . . . . . Parts Lost 102 | . 3 . 2 2 . . 10 . 1 . . 1 4 1 8 5 2 2 . . 10 20 13 . 4 2 1 11 Power 12 | . . . . 1 . . . . . . . . . . 1 . . 1 . . 2 2 2 . 1 . . 2 Propulsion 25 | . 2 . 1 . . . 3 . . . . . 1 1 4 1 . . . . 2 2 2 . . 1 1 4 Utility 47 | . . . . 1 . . 4 . . . . 1 2 . 2 3 2 1 . . 6 12 5 . 3 1 . 4 Weapon 18 | . 1 . 1 . . . 3 . 1 . . . 1 . 1 1 . . . . . 4 4 . . . . 1 Highest Loss Streak 8 | . 2 . 1 2 . . 3 . 1 . . 1 3 1 3 3 1 1 . . 3 3 8 . 2 2 1 5 To Critical Strikes . | . . . . . . . . . . . . . . . . . . . . . . . . . . . . . Average Slot Usage (%) 88 | . 97 100 98 99 100 100 93 88 89 90 91 98 99 95 84 88 83 81 81 81 83 78 81 . 61 66 68 58 Engine 4 | . 13 14 10 10 11 11 9 9 9 9 7 7 6 7 . . . . . . . . . . . . . . Core 1 | . . . . . . . . . . . . . . . 4 . . 1 . . 2 3 . . . . . . Reactor 3 | . . . . . . . . . . . . . . . . 5 11 9 9 11 7 5 8 . 1 8 7 7 Treads 18 | . 25 28 21 22 22 22 31 36 36 36 29 30 29 29 12 19 13 11 11 11 10 8 3 . . . . . Wheel 1 | . 1 . . . . . 1 . . . . . . . 8 3 . . . . . . 8 . . . . . Device 11 | . . . 2 8 11 11 9 7 7 11 10 15 9 7 7 10 11 16 10 10 12 16 26 . 18 9 4 7 Storage 7 | . 14 14 11 11 11 11 9 9 9 9 7 7 7 7 6 6 5 5 5 5 5 5 4 . . 3 4 1 Processor 1 | . 8 14 9 2 . . . . . . . . . . . . . . . . . . 4 . . 9 13 16 Hackware 14 | . . . 9 11 11 11 8 . . . 14 15 15 15 24 16 16 22 23 23 19 19 7 . 8 10 13 9 Protection 8 | . 5 . 10 10 11 11 6 9 9 5 4 5 12 15 5 12 11 5 11 11 7 6 4 . 4 . . . Energy Gun 2 | . 4 . 9 20 22 22 3 . . . . . . . . . . . . . . . . . . . . . Energy Cannon 4 | . . . 2 . . . 7 13 17 9 7 6 6 2 7 6 2 . . 4 4 7 5 . . . . . Ballistic Gun 1 | . 23 28 2 . . . . . . . . . . 4 . . . . . . . . . . . . . . Ballistic Cannon 3 | . . . 6 . . . 6 4 . 9 7 7 6 2 3 5 4 4 5 . 3 1 1 . . . . . Naked Turns . | . . . . . . . . . . . . . . . . . . . . . . . . . . . . . Heaviest Build 176 | 13 30 30 45 45 39 59 75 78 95 117 138 131 151 153 153 165 176 176 172 172 166 153 176 21 26 36 30 36 Greatest Support 140 | 40 46 46 46 43 43 43 112 112 111 111 111 100 105 105 97 135 135 120 140 140 140 140 80 36 54 36 53 44 Greatest Overweight (x) 29 | . 8 . 1 1 . 1 3 . . 1 2 1 1 1 29 7 2 1 1 1 1 1 9 . . . . 5 Average Overweight (x) . | . . . . . . . . . . . 1 1 1 1 5 1 1 1 1 1 . . 2 . . . . . Largest Inventory Capacity 25 | 8 15 15 15 15 15 20 20 20 20 25 25 25 25 25 25 25 25 25 25 25 25 25 25 5 5 10 10 10 Average Capacity 22 | 7 12 15 15 15 15 19 20 20 20 20 25 25 25 25 25 25 25 25 25 25 25 25 23 5 5 9 10 7 Most Carried 25 | 2 11 14 15 15 15 15 20 20 20 22 24 25 25 25 25 25 25 25 25 25 25 25 25 4 5 10 10 10 Average Carried 20 | . 7 12 14 13 14 14 17 19 19 19 21 23 24 23 23 22 23 24 24 22 22 22 22 3 3 8 10 5 Final Capacity 25 | 8 15 15 15 15 15 20 20 20 20 25 25 25 25 25 25 25 25 25 25 25 25 25 5 5 5 10 10 7 Final Carried 25 | 2 11 14 15 14 15 15 20 20 20 22 24 23 23 23 21 25 22 24 25 22 20 18 5 3 5 10 10 2 Class Distribution -------------------- 48% | Mutant 16% | Hacker-Mutant 13% | Scavenger-Mutant 13% | Bothacker-Mutant 4% | Commander-Mutant Dominant Class ---------------- Mutant | -10/Materials Mutant | -10/Mines Mutant | -9/Materials Mutant | -9/Mines Mutant | -9/Exiles Mutant | -8/Mines Mutant | -8/Materials Mutant | -8/Garrison Mutant | -8/Materials Mutant | -8/Garrison Mutant | -7/Factory Mutant | -7/Garrison Mutant | -7/Factory Mutant | -7/Garrison Bothacker-Mutant | -6/Factory Bothacker-Mutant | -6/Garrison Bothacker-Mutant | -5/Factory Commander-Mutant | -5/Extension Commander-Mutant | -5/Cetus Scavenger-Mutant | -5/Archives Scavenger-Mutant | -5/Hub_04(d) Hacker-Mutant | -4/Factory Mutant | -4/Armory Mutant | -3/Research Scout | -3/DSF Infiltrator-Sprinter | -2/Research Sprinter | -2/Quarantine Sprinter | -2/Section 7 Resources | -11 -10 -10 -9 -9 -9 -8 -8 -8 -8 -8 -7 -7 -7 -7 -6 -6 -5 -5 -5 -5 -5 -4 -4 -3 -3 -2 -2 -2 ----------- Run | Jun Mat Min Mat Min Exi Min Mat Gar Mat Gar Fac Gar Fac Gar Fac Gar Fac Ext Cet Arc Hub Fac Arm Res DSF Res Qua Sec Matter Collected 11965 | 258 258 42 695 73 . 56 408 92 98 259 291 379 874 349 650 404 1031 932 145 287 718 1955 1431 . . 149 131 . Remotely 371 | . . . . . . . . . . . . . . . . . . . . . . 371 . . . . . . Salvage Created 21885 | . 512 154 1368 177 . 288 1502 428 1378 531 408 819 1131 1125 1032 737 1031 1138 . 307 1535 3491 2644 . . 149 . . Parts 1094 | . 44 13 96 9 . 9 75 31 66 22 24 35 59 67 43 35 49 37 . 16 92 163 105 . . 4 . . Haulers Intercepted 10 | . 1 . 3 . . . 3 . 2 . . . . . . . 1 . . . . . . . . . . . Recyclers Shooed 7 | . . . 1 . . . . . . . . . 1 . 1 . . 2 . . . 2 . . . . . . Parts Field Recycled . | . . . . . . . . . . . . . . . . . . . . . . . . . . . . . Retrieved Matter . | . . . . . . . . . . . . . . . . . . . . . . . . . . . . . Parts Self-Destructed . | . . . . . . . . . . . . . . . . . . . . . . . . . . . . . Prevented . | . . . . . . . . . . . . . . . . . . . . . . . . . . . . . Kills | -11 -10 -10 -9 -9 -9 -8 -8 -8 -8 -8 -7 -7 -7 -7 -6 -6 -5 -5 -5 -5 -5 -4 -4 -3 -3 -2 -2 -2 ------- Run | Jun Mat Min Mat Min Exi Min Mat Gar Mat Gar Fac Gar Fac Gar Fac Gar Fac Ext Cet Arc Hub Fac Arm Res DSF Res Qua Sec Combat Hostiles Destroyed 437 | . 13 5 34 5 . 6 27 10 19 13 10 25 24 33 22 16 21 17 . . 28 61 48 . . . . . Melee 5 | . . . . . . . . 1 1 . . . 1 1 1 . . . . . . . . . . . . . Guns 52 | . 12 5 3 2 . 3 4 . . . . . . 23 . . . . . . . . . . . . . . Cannons 277 | . . . 24 . . . 22 9 15 12 10 13 19 9 13 10 21 17 . . 23 38 22 . . . . . AOE 65 | . 1 . 7 2 . 3 . . 1 . . 11 4 . 8 4 . . . . 2 7 15 . . . . . Classes Destroyed 22 | . 6 1 4 1 . . 3 1 . . 1 . . 1 . 1 2 . . . 1 . . . . . . . Worker 14 | . 1 . . . . . 1 . . . . . . . 4 . 1 . . . 3 4 . . . . . . Builder 22 | . . 1 . 1 . . 1 . . . . . 2 . 4 . 2 2 . . 4 5 . . . . . . Tunneler 2 | . . . . . . . 1 . 1 . . . . . . . . . . . . . . . . . . . Hauler 11 | . 1 . 3 . . . 3 . 2 . . . . . . . 1 . . . . . 1 . . . . . Recycler 11 | . . . . . . . 1 . 1 . . . 4 . 2 . . 2 . . . . . . . 1 . . Mechanic 1 | . . . . . . . . . . . . . . . . . . . . . 1 . . . . . . . Operator 16 | . 1 . 3 . . . . . 2 . . . . . . . . . . 9 . . 1 . . . . . Watcher 15 | . 1 . 3 . . . 2 . 5 . . . 2 . . . . 1 . . 1 . . . . . . . Swarmer 84 | . 6 3 7 . . . 6 2 . 3 2 11 2 16 3 7 . . . . 3 8 5 . . . . . Cutter 4 | . . . . . . . . . . . . . . 4 . . . . . . . . . . . . . . Saboteur 4 | . . . . . . . . 2 . . . . . . 2 . . . . . . . . . . . . . Grunt 170 | . 7 2 14 3 . 6 14 . 11 9 . 11 10 10 9 6 4 10 . . 4 19 21 . . . . . Brawler 7 | . . . 1 . . . . . 1 . . . . . 1 . . . . . 2 1 1 . . . . . Duelist 11 | . . . 1 . . . 1 . . . 1 1 1 . 2 . . . . . . . 4 . . . . . Protector 4 | . . . 1 . . . . . . . . . 1 . . . . . . . . . 2 . . . . . Sentry 57 | . . . 10 . . . 5 5 5 1 3 1 3 2 . 1 1 6 . . 4 7 3 . . . . . Demolisher 3 | . . . . 2 . . . . . . . . . . . . . . . . . . 1 . . . . . Specialist 6 | . . . . . . . . . . . . . . . . . 1 . . . . 2 3 . . . . . Hunter 24 | . . . . . . . 1 2 2 . . 1 . . . . 4 . . . 2 10 2 . . . . . Programmer 61 | . . . . . . . . . . . 4 . 7 1 5 . 10 . . . 13 14 7 . . . . . Heavy 1 | . . . . . . . . . . . . . . . . . 1 . . . . . . . . . . . Behemoth 2 | . . . . . . . . . . . . . . . . 2 . . . . . . . . . . . . Savage 1 | . . . . . . . . . . . . . . . . . . 1 . . . . . . . . . . Best Kill Streak 16 | . 5 2 6 3 . 2 6 3 3 4 3 7 6 7 16 7 4 3 . 4 5 6 5 . . 1 . . Combat Bots Only 10 | . 5 2 6 3 . 2 4 3 3 4 3 7 5 7 10 7 3 2 . . 5 6 5 . . . . . Max Kills in Single Turn 4 | . 1 1 2 1 . 1 2 1 2 1 1 4 3 3 3 3 2 1 . 1 2 2 3 . . 1 . . Gunslinging . | . . . . . . . . . . . . . . . . . . . . . . . . . . . . . Exploded 4 | . 1 . 2 1 . 1 . . 1 . . 4 2 . 2 2 . . . . 1 1 3 . . . . . Melee 1 | . . . . . . . . 1 1 . . . 1 1 1 . . . . . . . . . . . . . Uniques/NPCs Destroyed . | . . . . . . . . . . . . . . . . . . . . . . . . . . . . . Combat | -11 -10 -10 -9 -9 -9 -8 -8 -8 -8 -8 -7 -7 -7 -7 -6 -6 -5 -5 -5 -5 -5 -4 -4 -3 -3 -2 -2 -2 -------- Run | Jun Mat Min Mat Min Exi Min Mat Gar Mat Gar Fac Gar Fac Gar Fac Gar Fac Ext Cet Arc Hub Fac Arm Res DSF Res Qua Sec Damage Taken 29474 | . 627 258 1165 341 . 84 1051 166 530 302 945 646 1150 963 1429 1442 1300 769 134 102 3240 6085 3444 . 519 187 121 2474 Core 3792 | . 129 80 135 37 . 28 58 . 35 10 71 19 132 78 260 162 72 15 18 . 151 455 224 . 193 51 23 1356 Absorbed by Shields 4555 | . . . . . . 32 166 . . . . 150 110 197 265 372 1007 790 140 108 137 123 949 . . . . 9 Reduced by Siege Mode 574 | . . . . . . . . . . . . . . . . . 78 . . . 103 306 87 . . . . . Redirected to Shielding 104 | . 27 . 27 . . . . . . . . . . . . . . . . . . . 8 . 27 15 . . Regen/Repaired (Parts) 2446 | . 54 . 451 . . . . . 253 . 143 . 741 . 389 . . 203 . . . 91 . . . . . 121 Core Remaining (%) 61 | 100 . 16 . . . 50 . . . 81 . . . 57 . 50 . . . . 74 . 40 . 85 . . . Volleys Fired 1454 | . 63 16 108 12 . 11 65 21 40 26 21 42 77 21 72 56 111 71 1 57 132 264 162 . 2 3 . . Largest 2 | . 2 2 2 2 . 2 2 2 2 2 2 2 2 2 2 2 2 1 1 1 2 2 2 . 1 1 . . Hottest 189 | . 60 40 95 90 . 90 108 138 138 126 147 147 147 147 147 143 143 75 75 90 166 153 189 . 24 94 . . Shots Fired 2151 | . 126 32 211 22 . 17 126 41 78 52 42 71 135 115 97 93 136 74 1 57 156 298 166 . 2 3 . . Gun 387 | . 126 32 85 20 . 15 31 . . . . . . 76 . . . . . . . . . . 2 . . . Cannon 1670 | . . . 122 . . . 95 41 78 52 42 67 125 39 80 91 133 74 1 57 142 283 145 . . 3 . . Launcher 71 | . . . 4 2 . 2 . . . . . 4 3 . 16 2 . . . . 5 15 18 . . . . . Special 23 | . . . . . . . . . . . . . 7 . 1 . 3 . . . 9 . 3 . . . . . Kinetic 899 | . 99 32 111 . . . 41 13 3 26 21 34 57 98 27 29 75 74 1 15 41 88 14 . . . . . Thermal 568 | . 5 . 21 . . . . . . . 20 4 66 17 50 37 58 . . 42 80 86 80 . 2 . . . Explosive 71 | . . . 4 2 . 2 . . . . . 4 3 . 16 2 . . . . 5 15 18 . . . . . Electromagnetic 592 | . 22 . 75 20 . 15 85 28 75 26 1 29 2 . 3 25 . . . . 23 109 51 . . 3 . . Robot Hit Streak 21 | . 8 5 17 6 . 8 10 19 12 13 14 16 11 15 10 15 14 15 3 6 21 21 20 . . . . . Robot Miss Streak 9 | . 4 3 9 3 . 5 2 2 4 1 3 2 4 4 9 3 3 2 . 4 3 5 3 . 2 5 . . Penetration Max . | . . . . . . . . . . . . . . . . . . . . . . . . . . . . . Secondary Targets 4 | . 1 1 1 . . 1 . . . . . . . . . . . . . . . . . . . . . . Max Gunslinging Chain 1 | . 1 1 1 . . 1 . . . . . . . . . . . . . . . . . . . . . . Capacitor 361 | . . . . . . . . . . . . . . . . . . . . . 53 192 116 . . . . . Autonomous 77 | . . . . . . . . . . . . . . 77 . . . . . . . . . . . . . . Shots Hit Robots 1384 | . 75 20 146 19 . 11 97 21 50 34 28 37 72 79 53 45 74 51 1 38 110 199 122 . . . 2 . Core Hits 766 | . 33 10 64 13 . 11 56 10 25 13 14 34 36 42 50 29 34 23 . 16 58 107 86 . . 1 . 1 Critical Kills 6 | . . . . . . . . . . . . . 2 . . 1 . . . . 1 . 2 . . . . . Critical Parts Destroyed 1 | . . . . . . . . . . . . . . 1 . . . . . . . . . . . . . . Critical Strikes 86 | . 1 . 3 . . . 3 1 3 2 . 3 15 6 4 4 8 10 . . 5 14 4 . . . . . Burn 2 | . . . 2 . . . . . . . . . . . . . . . . . . . . . . . . . Meltdown 6 | . . . . . . . . . . . . . 2 . . 1 . . . . 1 . 2 . . . . . Destroy 1 | . . . . . . . . . . . . . . 1 . . . . . . . . . . . . . . Blast 69 | . . . 1 . . . 1 1 1 2 . 3 13 5 4 2 8 10 . . 4 12 2 . . . . . Corrupt 8 | . 1 . . . . . 2 . 2 . . . . . . 1 . . . . . 2 . . . . . . Melee Attacks 22 | . . . 2 . . . . . . . . . . . . . . . . . . . . . . 3 8 9 Impact . | . . . . . . . . . . . . . . . . . . . . . . . . . . . . . Slashing 22 | . . . 2 . . . . . . . . . . . . . . . . . . . . . . 3 8 9 Piercing . | . . . . . . . . . . . . . . . . . . . . . . . . . . . . . Sneak Attacks 1 | . . . . . . . . . . . . . . . . . . . . . . . . . . . 1 . Combat Hostiles . | . . . . . . . . . . . . . . . . . . . . . . . . . . . . . Follow-up Attacks . | . . . . . . . . . . . . . . . . . . . . . . . . . . . . . Damage Inflicted 58180 | 1 906 213 3312 530 . 547 2641 590 2042 1105 1058 2016 3293 2630 3420 1522 3810 3827 72 1679 4941 9569 8187 . 23 42 197 7 Guns 4723 | . 761 192 813 238 . 172 537 . . . . . . 1987 . . . . . . . . . . 23 . . . Cannons 40135 | . . . 1840 . . . 1825 589 1794 1105 1024 1134 2379 589 1568 1257 3701 3741 72 1672 3546 7363 4894 . . 42 . . Explosions 12027 | . 95 . 619 236 . 359 194 . 176 . . 882 772 . 1831 265 53 . . . 1154 2098 3293 . . . . . Melee 197 | . . . . . . . . . . . . . . . . . . . . . . . . . . . 197 . Ramming 1059 | 1 50 21 40 56 . 16 85 1 72 . 34 . 142 54 21 . 56 86 . 7 202 108 . . . . . 7 Kinetic 20210 | . 518 192 1289 . . . 536 107 84 592 484 478 1226 2369 439 405 2795 3741 72 634 1010 2796 443 . . . . . Thermal 13746 | . 130 . 373 128 . 111 194 . 176 . 535 76 1301 207 1350 448 906 . . 1038 2135 1672 2943 . 23 . . . Explosive 10453 | . . . 513 108 . 248 . . . . . 840 583 . 1605 265 53 . . . 1062 2098 3078 . . . . . Electromagnetic 12515 | . 208 . 1097 238 . 172 1826 482 1710 513 5 622 41 . 5 404 . . . . 532 2895 1723 . . 42 . . Impact . | . . . . . . . . . . . . . . . . . . . . . . . . . . . . . Slashing 197 | . . . . . . . . . . . . . . . . . . . . . . . . . . . 197 . Piercing . | . . . . . . . . . . . . . . . . . . . . . . . . . . . . . Highest Corruption 31 | . 2 2 . . . . . . 3 3 4 4 10 11 2 . 4 3 3 3 17 19 31 . . 3 3 3 Average Corruption 6 | . 1 2 . . . . . . 2 3 3 4 5 10 1 . 1 3 3 2 9 5 24 . . 3 3 3 Corruption Purged 25 | . . . . . . . . . . . . . . . 2 . 7 . . 3 5 8 . . . . . . Corruption Blocked 8 | . . . . . . . . . . . . . . . . . 8 . . . . . . . . . . . Effects 592 | . 7 11 . . . . . . 15 10 23 34 114 66 6 . 7 54 11 9 47 49 110 . . 10 3 6 Message Errors 150 | . 2 4 . . . . . . 6 1 4 10 31 19 3 . 1 8 4 2 9 10 33 . . 2 1 . Matter Fused 142 | . 1 1 . . . . . . 1 5 7 9 28 19 1 . 3 9 2 3 13 13 20 . . 4 1 2 Heat Flow Errors 57 | . 1 3 . . . . . . 1 . 1 2 8 3 1 . 1 7 1 1 5 6 14 . . . 1 1 Energy Discharges 75 | . 1 1 . . . . . . 2 2 7 6 16 9 . . . 11 2 1 3 5 8 . . 1 . . Parts Rejected 6 | . . . . . . . . . . . . . . 1 . . . 1 . 1 . . 2 . . . . 1 Parts Fused 9 | . . . . . . . . . . 1 . . 2 . . . . 3 1 . 1 . 1 . . . . . Data Loss (minor) 73 | . . . . . . . . . 2 . 4 5 15 8 1 . 1 6 1 . 6 8 12 . . 3 . 1 Data Loss (major) 25 | . 2 1 . . . . . . 1 . . 1 5 2 . . . 2 . . 4 2 4 . . . . 1 Misfires 20 | . . . . . . . . . . 1 . 1 3 1 . . 1 4 . . 2 4 3 . . . . . Alerts 13 | . . 1 . . . . . . 1 . . . 4 2 . . . 2 . 1 1 . 1 . . . . . Misdirections 10 | . . . . . . . . . . . . . . 1 . . . . . . . . 9 . . . . . Weapon Failures 12 | . . . . . . . . . 1 . . . 2 1 . . . 1 . . 3 1 3 . . . . . Overload Shots . | . . . . . . . . . . . . . . . . . . . . . . . . . . . . . Overflow Damage 2520 | . . . 61 1 . . 16 8 112 27 71 57 220 23 202 10 250 295 . 110 194 506 317 . . . 40 . Projectiles 1888 | . . . 33 . . . 8 8 74 27 71 7 119 23 90 10 250 291 . 110 167 405 195 . . . . . Explosions 567 | . . . 28 1 . . 8 . 38 . . 50 89 . 112 . . . . . 20 99 122 . . . . . Melee 65 | . . . . . . . . . . . . . 12 . . . . 4 . . 7 2 . . . . 40 . Knockbacks 113 | . . . 8 . . . 8 . . 1 2 5 10 1 2 2 13 19 . 1 13 28 . . . . . . Impact 3 | . . . . . . . . . . . 1 . . . . . . 1 . . . 1 . . . . . . Kinetic 99 | . . . 6 . . . 7 . . 1 1 5 9 1 2 2 11 17 . 1 13 23 . . . . . . Secondary 11 | . . . 2 . . . 1 . . . . . 1 . . . 2 1 . . . 4 . . . . . . Self-Inflicted Damage 1056 | . 36 . . . . . 105 . 41 . . . 82 . 131 12 74 . . . 168 139 265 . . . . 3 Shots 25 | . 1 . . . . . 3 . 1 . . . 2 . 4 1 1 . . . 3 3 6 . . . . . Rammed 120 | 1 13 2 9 10 . 3 8 . 6 . 1 . 8 8 3 . 6 9 . 1 23 7 . . . . . 2 Targets Rammed 138 | 1 13 3 10 10 . 3 10 1 10 . 1 . 11 8 3 . 6 10 . 1 26 9 . . . . . 2 Kicked . | . . . . . . . . . . . . . . . . . . . . . . . . . . . . . Crushed 18 | . . 1 1 . . . 2 1 4 . . . 3 . . . . 1 . . 3 2 . . . . . . Highest Temperature 468 | . 222 282 276 210 . 108 381 117 179 276 390 191 251 431 406 334 356 226 88 255 394 198 468 . 222 101 163 130 Average Temperature 88 | . 29 76 73 94 . 48 120 25 40 61 117 30 57 153 104 98 124 84 46 14 103 89 121 . 101 64 71 58 Received Heat Transfer 4854 | . 174 129 405 48 . 42 410 72 225 117 84 211 298 157 205 339 90 239 12 12 272 620 630 . . . 9 54 Effects 21 | . . . 1 . . . 3 . . . 1 . . 3 3 1 3 . . . 2 . 4 . . . . . Shutdowns 6 | . . . . . . . 1 . . . . . . 2 1 . 1 . . . . . 1 . . . . . Energy Bleed 3 | . . . . . . . . . . . . . . 1 . 1 . . . . . . 1 . . . . . Interference 7 | . . . 1 . . . 2 . . . . . . . . . 1 . . . 1 . 2 . . . . . Matter Decay 2 | . . . . . . . . . . . . . . . 1 . 1 . . . . . . . . . . . Short Circuit 2 | . . . . . . . . . . . . . . . 1 . . . . . 1 . . . . . . . Damage (minor) 1 | . . . . . . . . . . . 1 . . . . . . . . . . . . . . . . . Siege Activations 33 | . . . . . . . . . . . . . . . . . 5 . . . 6 18 4 . . . . . Total Turns 631 | . . . . . . . . . . . . . . . . . 105 . . . 68 281 177 . . . . . Longest Duration 76 | . . . . . . . . . . . . . . . . . 39 . . . 18 36 76 . . . . . Robots Corrupted 34 | . . . . 1 . . 1 . 3 1 . 1 . . . 1 . . . . 2 15 9 . . . . . Combat Hostiles 33 | . . . . 1 . . 1 . 2 1 . 1 . . . 1 . . . . 2 15 9 . . . . . Parts Fried 71 | . . . 1 . . 1 7 1 16 3 . 1 . . . 2 . . . . 2 22 14 . . 1 . . Impact Corruptions 6 | . . . . . . . . . . . . . 1 . . . . 1 . . 1 3 . . . . . . Robots Melted 7 | . . . . . . . . . . . . . 2 . . 1 . . . . 1 1 2 . . . . . Combat Hostiles 5 | . . . . . . . . . . . . . . . . 1 . . . . 1 1 2 . . . . . Parts Melted 32 | . 1 . . . . . 1 . . . . . 2 . 3 2 . . . 2 12 5 4 . . . . . Heat Transferred 13902 | . 225 . 903 150 . 150 250 . 150 . 518 87 1260 222 1260 481 925 . . 1110 2109 1776 2276 . 50 . . . Parts Sabotaged 12 | . . . . . . . . . . . . . . . 4 . . . . . . . 8 . . . . . Parts Stolen . | . . . . . . . . . . . . . . . . . . . . . . . . . . . . . Parts Stripped . | . . . . . . . . . . . . . . . . . . . . . . . . . . . . . Power Chain Reactions 14 | . 1 . 2 1 . 1 3 . 2 . . 1 . . . . . . . . 1 . 2 . . . . . Missiles Intercepted 4 | . . . . . . . . . . . . . . . . . . . . . . . 4 . . . . . Alert | -11 -10 -10 -9 -9 -9 -8 -8 -8 -8 -8 -7 -7 -7 -7 -6 -6 -5 -5 -5 -5 -5 -4 -4 -3 -3 -2 -2 -2 ------- Run | Jun Mat Min Mat Min Exi Min Mat Gar Mat Gar Fac Gar Fac Gar Fac Gar Fac Ext Cet Arc Hub Fac Arm Res DSF Res Qua Sec Peak Influence 1956 | . 266 273 1006 519 . 180 303 368 415 472 352 960 624 1086 818 734 517 688 825 433 505 1044 940 493 369 339 1956 1835 Initial 1100 | . . 52 . 391 . . . 24 179 66 247 101 504 112 569 109 385 168 384 255 4 247 501 493 369 201 167 1100 Average 311 | . 136 112 337 300 . 58 90 216 214 322 177 575 242 572 497 420 295 239 566 256 207 280 583 493 360 269 1725 1678 Maximum Alert Level 5 | . 1 1 3 2 . . 1 1 2 2 1 3 2 3 3 3 2 2 3 2 2 3 3 2 1 1 5 5 Low Security (%) 39 | 100 88 92 27 40 . 100 91 48 46 15 68 10 47 20 2 32 21 34 . 33 52 41 . . . 11 . . Level 1 35 | . 11 7 46 32 . . 8 51 50 67 31 11 38 3 47 11 63 57 8 54 26 40 15 . 100 88 . . Level 2 18 | . . . 21 27 . . . . 2 16 . 37 14 48 29 50 14 7 67 11 21 10 63 100 . . . . Level 3 5 | . . . 5 . . . . . . . . 40 . 27 21 6 . . 23 . . 6 20 . . . . . Level 4 . | . . . . . . . . . . . . . . . . . . . . . . . . . . . . . Level 5 . | . . . . . . . . . . . . . . . . . . . . . . . . . . . . . High Security . | . . . . . . . . . . . . . . . . . . . . . . . . . . . . . Max Security . | . . . . . . . . . . . . . . . . . . . . . . . . . . . 99 99 Squads Dispatched 125 | . 3 . 7 . . . 7 . 4 . 4 . 12 . 8 . 12 3 . . 14 16 11 . 1 2 6 15 Investigation 17 | . 2 . 2 . . . 2 . 1 . . . 3 . 1 . 1 2 . . . 3 . . . . . . Extermination 43 | . . . . . . . . . . . 4 . 6 . 4 . 8 . . . 7 8 5 . . 1 . . Reinforcement 30 | . 1 . 4 . . . 1 . 3 . . . 2 . 1 . 3 1 . . 5 3 3 . 1 . . 2 Assault 28 | . . . 1 . . . . . . . . . 1 . 2 . . . . . 1 1 3 . . 1 6 12 Garrison 6 | . . . . . . . 4 . . . . . . . . . . . . . 1 1 . . . . . . Intercept 1 | . . . . . . . . . . . . . . . . . . . . . . . . . . . . 1 Searches Triggered . | . . . . . . . . . . . . . . . . . . . . . . . . . . . . . Construction Impeded . | . . . . . . . . . . . . . . . . . . . . . . . . . . . . . Haulers Reinforced 2 | . . . . . . . . . . . . . . . . . . . . . 2 . . . . . . . Active Scanning Responses . | . . . . . . . . . . . . . . . . . . . . . . . . . . . . . Cargo Convoy Interrupts 1 | . . . . . . . . . . . . . . . . . 1 . . . . . . . . . . . Stealth | -11 -10 -10 -9 -9 -9 -8 -8 -8 -8 -8 -7 -7 -7 -7 -6 -6 -5 -5 -5 -5 -5 -4 -4 -3 -3 -2 -2 -2 --------- Run | Jun Mat Min Mat Min Exi Min Mat Gar Mat Gar Fac Gar Fac Gar Fac Gar Fac Ext Cet Arc Hub Fac Arm Res DSF Res Qua Sec Distress Signals 12 | . . . 3 . . . 4 . 1 . . . . . . . . 1 . 1 . 1 . . . . . 1 Communications Jammed 942 | . . . . . . . . . . . . . . . . . 141 16 543 . 105 58 55 . . 5 3 16 Distress Signals 942 | . . . . . . . . . . . . . . . . . 141 16 543 . 105 58 55 . . 5 3 16 Times Spotted 834 | . 31 8 59 7 . 8 41 5 29 15 12 26 46 32 30 19 49 44 16 25 52 83 73 . 5 23 21 75 Peak Tracking Total 28 | . 3 3 7 11 . 3 5 3 3 3 3 10 5 5 7 7 4 5 5 2 5 6 12 . 5 15 18 28 Tactical Retreats 49 | . 1 1 6 . . . 1 . 1 2 . 2 4 1 1 3 2 . . . . 10 5 . 2 2 4 1 Traps | -11 -10 -10 -9 -9 -9 -8 -8 -8 -8 -8 -7 -7 -7 -7 -6 -6 -5 -5 -5 -5 -5 -4 -4 -3 -3 -2 -2 -2 ------- Run | Jun Mat Min Mat Min Exi Min Mat Gar Mat Gar Fac Gar Fac Gar Fac Gar Fac Ext Cet Arc Hub Fac Arm Res DSF Res Qua Sec Traps Triggered 51 | . 4 . 1 . . . 1 1 2 . 3 7 3 4 . 3 . 4 . . 10 1 5 . . 2 . . Indirectly 2 | . . . . . . . . . . . . . . . . . . . . . 2 . . . . . . . Trap Hack Attempts . | . . . . . . . . . . . . . . . . . . . . . . . . . . . . . Triggered . | . . . . . . . . . . . . . . . . . . . . . . . . . . . . . Disarmed . | . . . . . . . . . . . . . . . . . . . . . . . . . . . . . Reprogrammed . | . . . . . . . . . . . . . . . . . . . . . . . . . . . . . Reused . | . . . . . . . . . . . . . . . . . . . . . . . . . . . . . Traps Extracted . | . . . . . . . . . . . . . . . . . . . . . . . . . . . . . Installed . | . . . . . . . . . . . . . . . . . . . . . . . . . . . . . Triggered 3 | . . . . . . . . . 1 . . . . . . . 1 1 . . . . . . . . . . Most Traps Carried 1 | . . . . 1 1 . . . . . . . . . . . . . . . . . . . . . . . Machines | -11 -10 -10 -9 -9 -9 -8 -8 -8 -8 -8 -7 -7 -7 -7 -6 -6 -5 -5 -5 -5 -5 -4 -4 -3 -3 -2 -2 -2 ---------- Run | Jun Mat Min Mat Min Exi Min Mat Gar Mat Gar Fac Gar Fac Gar Fac Gar Fac Ext Cet Arc Hub Fac Arm Res DSF Res Qua Sec Machines Disabled 85 | . 1 . 2 . . . 3 1 1 2 2 2 7 2 4 3 4 2 3 3 17 7 10 . . . 2 7 Max in Single Turn 15 | . 1 . 1 . . . 1 1 1 1 1 1 3 1 2 1 1 1 . 1 15 2 2 . . . 1 1 Garrison Access 5 | . . . . . . . . . . . . . . . . . . . . . 1 2 . . . 2 . . Garrison Relay 6 | . . . . . . . . 1 . 1 . 2 . 1 . 1 . . . . . . . . . . . . Network Hub 3 | . . . . . . . . . . . . . . . . . . . . . 3 . . . . . . . Machines Repaired . | . . . . . . . . . . . . . . . . . . . . . . . . . . . . . Machines Sabotaged . | . . . . . . . . . . . . . . . . . . . . . . . . . . . . . Overloaded Fab Kills . | . . . . . . . . . . . . . . . . . . . . . . . . . . . . . Hacking | -11 -10 -10 -9 -9 -9 -8 -8 -8 -8 -8 -7 -7 -7 -7 -6 -6 -5 -5 -5 -5 -5 -4 -4 -3 -3 -2 -2 -2 --------- Run | Jun Mat Min Mat Min Exi Min Mat Gar Mat Gar Fac Gar Fac Gar Fac Gar Fac Ext Cet Arc Hub Fac Arm Res DSF Res Qua Sec Machines Accessed 145 | . 8 . 13 . 1 1 9 2 11 1 5 1 18 2 10 1 8 13 1 . 7 13 9 1 . 10 . . Terminals 91 | . 5 . 8 . . 1 6 2 8 1 1 1 9 2 4 1 4 11 1 . 6 6 5 1 . 8 . . Fabricators 17 | . . . . . . . . . . . 2 . 5 . 3 . 2 . . . . 2 3 . . . . . Repair Stations 14 | . 1 . 2 . . . . . 2 . 1 . 3 . 2 . . 1 . . . 2 . . . . . . Recycling Units 11 | . 2 . 2 . . . 2 . . . . . . . . . 1 1 . . . 1 1 . . 1 . . Scanalyzers 2 | . . . 1 . . . . . . . . . . . . . 1 . . . . . . . . . . . Garrison Access 9 | . . . . . . . 1 . 1 . 1 . 1 . 1 . . . . . 1 2 . . . 1 . . Total Hacks 427 | . 16 . 39 . 1 2 23 5 25 1 12 2 45 3 35 3 40 36 2 . 21 62 24 1 . 29 . . Successful 233 | . 11 . 26 . 1 1 12 2 14 1 8 1 20 1 24 1 31 12 1 . 9 38 11 1 . 7 . . Failed 193 | . 5 . 13 . . 1 11 3 11 . 4 1 25 2 11 2 9 24 1 . 12 23 13 . . 22 . . Catastrophic 40 | . 1 . 2 . . . . 1 2 . . . 6 1 2 . 1 6 1 . 4 4 2 . . 7 . . Database Lockouts 1 | . . . . . . . . . . . . . . . . . . . . . . 1 . . . . . . Manual 180 | . 10 . 18 . 1 3 12 . 14 . 2 . 16 . 11 . 15 18 1 . 15 27 8 . . 9 . . Terminals 267 | . 12 . 21 . . 2 20 5 19 1 4 2 23 3 11 3 15 32 2 . 19 32 18 1 . 22 . . Fabricators 46 | . . . . . . . . . . . 4 . 11 . 7 . 5 . . . . 14 5 . . . . . Repair Stations 58 | . 2 . 11 . . . . . 4 . 3 . 9 . 15 . . 2 . . . 12 . . . . . . Recycling Units 19 | . 2 . 3 . . . 2 . . . . . . . . . 1 2 . . . 2 1 . . 6 . . Scanalyzers 23 | . . . 4 . . . . . . . . . . . . . 19 . . . . . . . . . . . Garrison Access 13 | . . . . . . . 1 . 2 . 1 . 2 . 2 . . . . . 2 2 . . . 1 . . Terminal Hacks 87 | . 6 . 7 . 1 1 8 2 5 1 1 1 5 1 3 1 5 8 1 . 5 16 5 1 . 3 . . Part Schematic 1 | . 1 . . . . . . . . . . . . . . . . . . . . . . . . . . . Robot Analysis 13 | . 3 . 2 . . 1 4 . . . . . . . . . . . . . . 3 . . . . . . Open Door 9 | . . . . . . . . . . . . . . . . . 1 5 1 . . . 1 . . 1 . . Open DSF 2 | . . . . . . . . . . . . . . . . . . . . . . . . 1 . 1 . . Branch Access Points 3 | . . . . . . . . . . . . . . . 1 . . . . . . 1 . . . 1 . . Emergency Access Points 5 | . . . 1 . . . . 1 . . . 1 . . . 1 . . . . . . 1 . . . . . Machine Index 1 | . . . . . . . . . . . . . . . . . . . . . . 1 . . . . . . Terminal Index 2 | . . . . . . . . . 1 . . . 1 . . . . . . . . . . . . . . . Repair Station Index 1 | . . . . . . . . . . . . . 1 . . . . . . . . . . . . . . . Garrison Index 1 | . . . . . . . . . . . . . . . . . . . . . 1 . . . . . . . Alert Level 3 | . 1 . 1 . . . 1 . . . . . . . . . . . . . . . . . . . . . Unreport Threat 25 | . . . 1 . . . 3 . 2 . . . 3 . 2 . 3 2 . . 3 4 2 . . . . . Locate Traps 2 | . . . . . . . . . . . . . . . . . 1 . . . . 1 . . . . . . Dispatch Records 1 | . . . . . . . . . 1 . . . . . . . . . . . . . . . . . . . Maintenance Status 1 | . . . 1 . . . . . . . . . . . . . . . . . . . . . . . . . Patrol Status 2 | . . . . . . . . . . . 1 . . . . . . . . . . 1 . . . . . . Recall Extermination 2 | . . . . . . . . . . . . . . . . . . . . . . 2 . . . . . . Recall Reinforcements 2 | . . . . . . . . . . . . . . . . . . 1 . . . 1 . . . . . . Hauler Manifests 5 | . 1 . 1 . . . . . 1 . . . . . . . . . . . 1 1 . . . . . . Zone Layout 2 | . . . . . . . . . . . . . . . . . . . . . . 1 1 . . . . . Garrison Registry 2 | . . . . . . . . 1 . 1 . . . . . . . . . . . . . . . . . . Security Stations 1 | . . . . . . . . . . . . . . 1 . . . . . . . . . . . . . . EX-Prototype ID Bank 1 | . . . . . 1 . . . . . . . . . . . . . . . . . . . . . . . Fabricator Hacks 22 | . . . . . . . . . . . 2 . 3 . 3 . 3 . . . . 9 2 . . . . . Network Status 10 | . . . . . . . . . . . 2 . 2 . 2 . 1 . . . . 2 1 . . . . . Load Schematic 4 | . . . . . . . . . . . . . . . . . 1 . . . . 3 . . . . . . Build 8 | . . . . . . . . . . . . . 1 . 1 . 1 . . . . 4 1 . . . . . Repair Station Hacks 40 | . 2 . 10 . . . . . 3 . 2 . 7 . 11 . . 2 . . . 3 . . . . . . Scan Component 22 | . 1 . 5 . . . . . 2 . 1 . 4 . 6 . . 1 . . . 2 . . . . . . Repair 18 | . 1 . 5 . . . . . 1 . 1 . 3 . 5 . . 1 . . . 1 . . . . . . Recycling Unit Hacks 7 | . . . 1 . . . 2 . . . . . . . . . 1 . . . . 2 1 . . . . . Report Inventory 5 | . . . 1 . . . 2 . . . . . . . . . 1 . . . . 1 . . . . . . Retrieve Components 2 | . . . . . . . . . . . . . . . . . . . . . . 1 1 . . . . . Scanalyzer 22 | . . . 4 . . . . . . . . . . . . . 18 . . . . . . . . . . . Insert Component 10 | . . . 2 . . . . . . . . . . . . . 8 . . . . . . . . . . . Analyze 12 | . . . 2 . . . . . . . . . . . . . 10 . . . . . . . . . . . Garrison Access Hacks 9 | . . . . . . . 1 . 1 . 1 . 1 . 1 . . . . . 1 2 . . . 1 . . Unlock Access 6 | . . . . . . . 1 . 1 . 1 . 1 . 1 . . . . . 1 . . . . . . . Seal Access 3 | . . . . . . . . . . . . . . . . . . . . . . 2 . . . 1 . . Unauthorized Hacks 46 | . 3 . 4 . . . 1 . 5 . 2 . 4 . 6 . 4 2 . . 3 6 3 . . 3 . . Terminals 26 | . 1 . 2 . . . 1 . 4 . 1 . 2 . 2 . 2 1 . . 2 3 2 . . 3 . . Assimilate 4 | . . . . . . . . . 1 . . . . . 1 . . . . . . 1 . . . 1 . . Botnet 19 | . . . 1 . . . 1 . 2 . 1 . 2 . 1 . 2 1 . . 2 2 2 . . 2 . . Operators 3 | . 1 . 1 . . . . . 1 . . . . . . . . . . . . . . . . . . . Fabricators 12 | . . . . . . . . . . . 1 . 2 . 3 . 2 . . . . 3 1 . . . . . Report 1 | . . . . . . . . . . . . . . . 1 . . . . . . . . . . . . . Prioritize 2 | . . . . . . . . . . . . . . . . . . . . . . 2 . . . . . . Liberate 7 | . . . . . . . . . . . 1 . 2 . 1 . 1 . . . . 1 1 . . . . . Recompile 2 | . . . . . . . . . . . . . . . 1 . 1 . . . . . . . . . . . Repair Stations . | . . . . . . . . . . . . . . . . . . . . . . . . . . . . . Recycling Units 5 | . 2 . 2 . . . . . . . . . . . . . . 1 . . . . . . . . . . Reject 1 | . . . . . . . . . . . . . . . . . . 1 . . . . . . . . . . Tunnel 4 | . 2 . 2 . . . . . . . . . . . . . . . . . . . . . . . . . Scanalyzers . | . . . . . . . . . . . . . . . . . . . . . . . . . . . . . Garrison Access 3 | . . . . . . . . . 1 . . . . . 1 . . . . . 1 . . . . . . . Broadcast 1 | . . . . . . . . . 1 . . . . . . . . . . . . . . . . . . . Redirect 1 | . . . . . . . . . . . . . . . . . . . . . 1 . . . . . . . Intercept 1 | . . . . . . . . . . . . . . . 1 . . . . . . . . . . . . . Data Cores Recovered 2 | . . . . . . . . . 1 . . . . . . . . . . . . . 1 . . . . . Used . | . . . . . . . . . . . . . . . . . . . . . . . . . . . . . Hacking Detections 96 | . 4 . 10 . . 1 7 2 10 . 3 . 16 2 8 1 2 8 . . 5 7 4 . . 6 . . Full Trace Events 12 | . . . 1 . . . 1 1 . . . . 3 1 . . . 2 . . . 3 . . . . . . Feedback Events 1 | . . . . . . . . . . . . . . . . . . . . . . 1 . . . . . . Hackware Fried 1 | . . . . . . . . . . . . . . . . . . . . . . 1 . . . . . . Feedback Blocked . | . . . . . . . . . . . . . . . . . . . . . . . . . . . . . Robot Schematics Acquired . | . . . . . . . . . . . . . . . . . . . . . . . . . . . . . Robots Built 5 | . . . . . . . . . . . . . 1 . . . . . . . . 3 1 . . . . . Authchips . | . . . . . . . . . . . . . . . . . . . . . . . . . . . . . Time 366 | . . . . . . . . . . . . . 116 . . . . . . . . 169 81 . . . . . Total Robot Build Rating 22 | . . . . . . . . . . . . . 3 . . . . . . . . 18 1 . . . . . Part Schematics Acquired 11 | . 1 . 2 . . . . . . . . . . . . . 8 . . . . . . . . . . . Parts Built 7 | . . . . . . . . . . . . . . . 2 . 2 . . . . 3 . . . . . . Authchips 2 | . . . . . . . . . . . . . . . . . 1 . . . . 1 . . . . . . Time 393 | . . . . . . . . . . . . . . . 95 . 64 . . . . 234 . . . . . . Total Part Build Rating 48 | . . . . . . . . . . . . . . . 10 . 16 . . . . 22 . . . . . . Parts Repaired 18 | . 1 . 5 . . . . . 1 . 1 . 3 . 5 . . 1 . . . 1 . . . . . . Time 639 | . 26 . 172 . . . . . 19 . 28 . 105 . 207 . . 56 . . . 26 . . . . . . Parts Recycled . | . . . . . . . . . . . . . . . . . . . . . . . . . . . . . Recycled Matter . | . . . . . . . . . . . . . . . . . . . . . . . . . . . . . Retrieved Matter . | . . . . . . . . . . . . . . . . . . . . . . . . . . . . . Retrieved Components 5 | . . . . . . . . . . . . . . . . . . . . . . 2 3 . . . . . Parts Scanalyzed 10 | . . . 2 . . . . . . . . . . . . . 8 . . . . . . . . . . . Part Schematics Acquired 10 | . . . 2 . . . . . . . . . . . . . 8 . . . . . . . . . . . Parts Damaged 1 | . . . . . . . . . . . . . . . . . 1 . . . . . . . . . . . Bothacking | -11 -10 -10 -9 -9 -9 -8 -8 -8 -8 -8 -7 -7 -7 -7 -6 -6 -5 -5 -5 -5 -5 -4 -4 -3 -3 -2 -2 -2 ------------ Run | Jun Mat Min Mat Min Exi Min Mat Gar Mat Gar Fac Gar Fac Gar Fac Gar Fac Ext Cet Arc Hub Fac Arm Res DSF Res Qua Sec Used RIF Installer 5 | . . . . . . . . 1 . 1 . 1 . 1 . 1 . . . . . . . . . . . . Signal Jammer 1 | . . . . . . . . . . . . . . 1 . . . . . . . . . . . . . . Watcher Feeds 1 | . . . . . . . . . . 1 . . . . . . . . . . . . . . . . . . Program Shield 1 | . . . . . . . . . . . . 1 . . . . . . . . . . . . . . . . Autoassimilate 1 | . . . . . . . . . . . . . . . . 1 . . . . . . . . . . . . Robots Hacked 13 | . . . . . . . . . . . . . 2 . 1 . 2 . . . 7 . 1 . . . . . Non-combat 8 | . . . . . . . . . . . . . 2 . 1 . 1 . . . 3 . 1 . . . . . Combat 5 | . . . . . . . . . . . . . . . . . 1 . . . 4 . . . . . . . Autoassimilated 1 | . . . . . . . . . . . . . . . . . . . . . 1 . . . . . . . Robot Hacks Applied 14 | . . . . . . . . . . . . . 2 . 1 . 3 . . . 6 . 2 . . . . . parse_system 2 | . . . . . . . . . . . . . 1 . . . . . . . 1 . . . . . . . purge_threat 4 | . . . . . . . . . . . . . 1 . 1 . . . . . . . 2 . . . . . find_terminals 1 | . . . . . . . . . . . . . . . . . 1 . . . . . . . . . . . spike_heat 1 | . . . . . . . . . . . . . . . . . . . . . 1 . . . . . . . streamctrl_low 1 | . . . . . . . . . . . . . . . . . 1 . . . . . . . . . . . formatsys_low 2 | . . . . . . . . . . . . . . . . . . . . . 2 . . . . . . . formatsys_high 3 | . . . . . . . . . . . . . . . . . 1 . . . 2 . . . . . . . Relay Couplers Released 28 | . . . . . . . . 5 . 5 . 8 . 4 . 3 . . . . 2 . . . . 1 . . Machine Destruction 28 | . . . . . . . . 5 . 5 . 8 . 4 . 3 . . . . 2 . . . . 1 . . Attached 5 | . . . . . . . . . . . 1 . . . . . 2 1 . . . 1 . . . . . . Fabnet Peak Effective % . | . . . . . . . . . . . . . . . . . . . . . . . . . . . . . Robots Rewired 36 | . . . . . . . . 3 . . . 1 . . . 2 . 26 . . . . 4 . . . . . Allies Hacked 3 | . . . . . . . . . . . . . 1 . . . 1 . . . . . 1 . . . . . Hacks Repelled . | . . . . . . . . . . . . . . . . . . . . . . . . . . . . . Allies | -11 -10 -10 -9 -9 -9 -8 -8 -8 -8 -8 -7 -7 -7 -7 -6 -6 -5 -5 -5 -5 -5 -4 -4 -3 -3 -2 -2 -2 -------- Run | Jun Mat Min Mat Min Exi Min Mat Gar Mat Gar Fac Gar Fac Gar Fac Gar Fac Ext Cet Arc Hub Fac Arm Res DSF Res Qua Sec Total Allies 74 | . . 2 . 3 . . . 3 . . 3 1 1 . 1 2 5 35 3 . 5 4 5 . . 1 . . Largest Group 22 | . . 2 2 3 3 3 . 3 . . 3 1 1 . 1 3 3 22 18 6 5 3 4 . . 1 . . Highest-Rated Group 744 | . . 41 41 40 40 40 . 42 . . 48 19 26 . 26 322 322 744 646 355 195 90 120 . . 45 . . Highest-Rated Ally 159 | . . 31 31 16 16 16 . 14 . . 16 19 26 . 26 148 148 159 159 159 80 30 30 . . 45 . . Total Orders 17 | . . . . . . . . . . . 5 . . . . 7 . . . . 2 3 . . . . . . STAY 8 | . . . . . . . . . . . . . . . . 4 . . . . 2 2 . . . . . . FOLLOW 4 | . . . . . . . . . . . . . . . . 3 . . . . . 1 . . . . . . EXPLORE 5 | . . . . . . . . . . . 5 . . . . . . . . . . . . . . . . . Ally Attacks 527 | . . 16 12 . . 42 . 4 . . 18 . 2 . . 7 52 203 89 22 36 12 12 . . . . . Total Damage 11748 | . . 146 278 . . 488 . . . . 184 . 37 . . 242 1638 3996 2711 589 578 401 460 . . . . . Kills 85 | . . 3 5 . . 3 . . . . 3 . 1 . . 1 10 28 19 4 5 2 1 . . . . . Allies Corrupted 2 | . . . . . . . . . . . . . . . . . . . . . . . 2 . . . . . Allies Melted 1 | . . . . . . . . . . . . . . . . . . . . . . 1 . . . . . . Intel | -11 -10 -10 -9 -9 -9 -8 -8 -8 -8 -8 -7 -7 -7 -7 -6 -6 -5 -5 -5 -5 -5 -4 -4 -3 -3 -2 -2 -2 ------- Run | Jun Mat Min Mat Min Exi Min Mat Gar Mat Gar Fac Gar Fac Gar Fac Gar Fac Ext Cet Arc Hub Fac Arm Res DSF Res Qua Sec Robot Analysis Total 12 | . 3 . 2 . . 1 3 . . . . . . . . . . . . . . 3 . . . . . . Derelict Logs Recovered 3 | . . 2 . 1 . . . . . . . . . . . . . . . . . . . . . . . . Drone Launches 5 | . . . . . . . . . . . 5 . . . . . . . . . . . . . . . . . Drone Recoveries 3 | . . . . . . . . . . . 3 . . . . . . . . . . . . . . . . . Exploration | -11 -10 -10 -9 -9 -9 -8 -8 -8 -8 -8 -7 -7 -7 -7 -6 -6 -5 -5 -5 -5 -5 -4 -4 -3 -3 -2 -2 -2 ------------- Run | Jun Mat Min Mat Min Exi Min Mat Gar Mat Gar Fac Gar Fac Gar Fac Gar Fac Ext Cet Arc Hub Fac Arm Res DSF Res Qua Sec Turns Passed 47791 | 85 1566 800 2986 1341 360 1018 2306 692 1646 814 1780 1442 4312 1658 2462 1500 4211 3060 526 1211 3553 5171 2281 3 72 498 116 321 Spaces Moved 22249 | 52 804 459 1440 764 225 431 1104 366 855 415 681 535 1622 640 952 546 1536 1036 193 186 1284 1705 1161 3 114 1767 404 969 Core 12 | 9 1 . . . . . . . . . . . . . 2 . . . . . . . . . . . . . Treads 17042 | 43 715 459 1440 764 225 431 1055 366 855 415 681 535 1622 640 203 472 1536 1036 193 186 1284 1705 181 . . . . . Legs . | . . . . . . . . . . . . . . . . . . . . . . . . . . . . . Wheels 1625 | . 88 . . . . . 49 . . . . . . . 747 74 . . . . . . 667 . . . . . Hover . | . . . . . . . . . . . . . . . . . . . . . . . . . . . . . Flight 3212 | . . . . . . . . . . . . . . . . . . . . . . . 313 3 114 1767 404 611 Fastest Speed 5 | 50 115 160 160 160 160 160 115 160 162 162 238 238 235 238 170 170 235 250 245 245 165 165 26 20 5 20 5 17 Average Speed 181 | 140 156 160 160 165 160 224 168 160 162 171 238 238 237 241 200 226 243 250 248 245 239 246 140 20 18 22 20 28 Slowest Speed 1500 | 160 450 160 240 240 160 240 320 162 162 242 325 238 238 242 1500 235 330 250 250 245 245 250 270 20 32 23 24 32 Overloaded Moves 214 | . . . . . . . . . . . . . . . . . . . . . . . . . 31 . 71 112 Propulsion Burnouts . | . . . . . . . . . . . . . . . . . . . . . . . . . . . . . Robots Hopped 27 | . . . . . . . . . . . . . . . . . . 3 . . . . 4 . 1 16 3 . Cave-ins Triggered 1 | . . . . . . . . . . . . . . . . . . . . . . 1 . . . . . . Microwarps 20 | . . . . . . . . . . . . . . . . . . . . . . . . . . . . 20 Exploration Rate (%) 63 | 4 95 99 99 96 62 92 70 45 80 37 33 66 50 57 25 61 29 96 64 83 91 38 61 . 78 53 58 57 Regions Visited 28 Branch Regions 11 Pre-discovered Areas 6 | . 2 1 2 1 . . . . . . . . . . . . . . . . . . . . . . . . Known Exits Taken 9 | . . . . . . . 1 . 1 . 1 . 1 . 1 . . . . . 1 1 . 1 . 1 . . Unknown Exits Taken 13 | 1 1 1 1 1 1 1 . . . . . . . . . . 1 1 1 1 . . 1 . . . 1 . Scrap Searched 2 | . . 1 . 1 . . . . . . . . . . . . . . . . . . . . . . . . Spaces Dug 107 | . . . 2 . . . . . . . . . 5 . 5 . 30 1 . . 6 27 24 . . 3 4 . Terrain Destroyed 1105 | . 3 . 43 36 . 20 20 . 7 2 9 18 105 14 54 22 84 27 . 11 201 180 242 . . 3 4 . Melee 9 | . . . 2 . . . . . . . . . . . . . . . . . . . . . . 3 4 . Projectile 296 | . . . 4 . . . 3 . 1 2 9 11 53 14 20 3 53 27 . 11 23 44 18 . . . . . AOE 800 | . 3 . 37 36 . 20 17 . 6 . . 7 52 . 34 19 31 . . . 178 136 224 . . . . . Terrain Rammed . | . . . . . . . . . . . . . . . . . . . . . . . . . . . . . Walls Destroyed . | . . . . . . . . . . . . . . . . . . . . . . . . . . . . . Machines Disabled . | . . . . . . . . . . . . . . . . . . . . . . . . . . . . . Actions | -11 -10 -10 -9 -9 -9 -8 -8 -8 -8 -8 -7 -7 -7 -7 -6 -6 -5 -5 -5 -5 -5 -4 -4 -3 -3 -2 -2 -2 --------- Run | Jun Mat Min Mat Min Exi Min Mat Gar Mat Gar Fac Gar Fac Gar Fac Gar Fac Ext Cet Arc Hub Fac Arm Res DSF Res Qua Sec Total 27915 | 60 998 497 1907 808 226 461 1420 434 1034 467 792 633 1924 703 1396 718 1843 1382 243 877 1614 2545 1765 4 160 1844 418 742 Wait 3118 | . 83 17 279 12 . 12 174 22 109 13 73 33 187 . 314 41 124 78 23 618 109 470 221 . 28 39 1 38 Move 21831 | 51 803 458 1439 763 224 430 1104 364 854 414 680 534 1621 639 952 545 1535 1029 192 185 1283 1704 1152 2 111 1735 397 631 Hop 26 | . . . . . . . . . . . . . . . . . . 3 . . . . 4 . 1 15 3 . Pick Up 191 | 2 10 2 11 2 1 1 15 4 5 6 5 2 3 6 14 14 6 5 5 2 5 22 33 . 7 2 1 . Fast Attach 213 | 6 12 . 18 . . . 10 3 3 1 4 . 3 4 11 4 13 5 6 1 13 16 42 . 6 15 4 13 Attach 130 | . 1 . 4 2 . . 10 . 4 . 3 2 4 5 7 4 13 3 1 3 10 20 24 2 1 . . 7 Detach 107 | . 3 . 7 . . . 8 . 3 . 1 . . 3 2 4 13 1 3 3 8 9 26 . . 7 . 6 Swap 139 | . 4 1 10 4 . 3 9 2 1 3 3 4 13 1 13 11 6 1 2 4 13 16 15 . . . . . Drop 215 | . 6 . 19 . 1 1 15 9 5 4 1 1 4 7 8 13 16 3 10 3 4 15 47 . 4 7 4 8 Fire 1454 | . 63 16 108 12 . 11 65 21 40 26 21 42 77 21 72 56 111 71 1 57 132 264 162 . 2 3 . . Melee 22 | . . . 2 . . . . . . . . . . . . . . . . . . . . . . 3 8 9 Ram 5 | . . . . . . . . . . . . . . 1 2 . . . . . . . . . . . . 2 Kick . | . . . . . . . . . . . . . . . . . . . . . . . . . . . . . Crush 134 | 1 13 3 10 10 . 3 10 1 10 . 1 . 11 8 1 . 6 10 . 1 26 9 . . . . . . Escape Stasis 87 | . . . . . . . . . . . . 14 . 8 . 5 . 4 . . 10 . . . . 18 . 28 Rewire 243 | . . . . 3 . . . 8 . . . 1 1 . . 21 . 169 . . 1 . 39 . . . . . Trap . | . . . . . . . . . . . . . . . . . . . . . . . . . . . . . Miscellaneous . | . . . . . . . . . . . . . . . . . . . . . . . . . . . . . Route ------- -11/Junkyard -10/Materials (discovered 4 exits: *Mat x3 / [*Min]) -10/Mines (discovered 2 exits: *Mat x2) -9/Materials (discovered 5 exits: *Mat x3 / [*Min] / [*Sto]) -9/Mines (discovered 3 exits: *Mat / *Exi / [*Zio]) -9/Exiles (discovered 2 exits: *Min x2) -8/Mines (discovered 2 exits: *Mat x2) -8/Materials (discovered 2 exits: *Fac / Gar) -8/Garrison (discovered 3 exits: *Mat x3) -8/Materials (discovered 3 exits: *Fac x2 / Gar) -8/Garrison (discovered 3 exits: *Fac x3) -7/Factory (discovered 2 exits: *Fac / Gar) -7/Garrison (discovered 3 exits: *Fac x3) -7/Factory (discovered 5 exits: *Fac x2 / [*Low x2] / Gar) -7/Garrison (discovered 3 exits: *Fac x3) -6/Factory (discovered 3 exits: *Low x2 / Gar) -6/Garrison -5/Factory (discovered 2 exits: [*Upp] / *Ext) -5/Extension (discovered 2 exits: *Fac / *Cet) -5/Cetus (discovered 2 exits: *Fac / [*Arc]) -5/Archives (discovered 3 exits: *Fac / *Hub x2) -5/Hub_04(d) (discovered 4 exits: *Fac x4) -4/Factory (discovered 5 exits: *Res x2 / *Upp x2 / *Arm) -4/Armory -3/Research -3/DSF -2/Research (discovered 3 exits: [*Acc] / *Qua x2) -2/Quarantine -2/Section 7 History --------- Turn | Location | Event 2 | -11/Junkyard | Discovered new exit (range 16) 86 | -11/Junkyard | Entered Materials 318 | -10/Materials | Build established: Mutant 613 | -10/Materials | Discovered new exit (range 5) 782 | -10/Materials | Core integrity fell below 50% 807 | -10/Materials | Discovered new exit (range 6) 885 | -10/Materials | Discovered new exit (range 10) 1040 | -10/Materials | Discovered new exit (range 12) 1093 | -10/Materials | Repaired Lgt. Assault Rifle 1652 | -10/Materials | Entered Mines 1695 | -10/Mines | Learned Materials interactive machine intel 1698 | -10/Mines | Met a Derelict bent on vengeance 1990 | -10/Mines | Core integrity fell below 20% 2048 | -10/Mines | Discovered new exit (range 14) 2120 | -10/Mines | A weapon hastily lodged in a ceiling crevice suddenly fell to the ground 2166 | -10/Mines | Discovered new exit (range 8) 2452 | -10/Mines | Entered Materials 2452 | -9/Materials | Accompanied by 2 allies 2452 | -9/Materials | Evolved 2 slots: Utility x2 2453 | -9/Materials | Loaded intel: 18 interactive machine locations 2457 | -9/Materials | Led the pair of lost Derelicts to an unsafe place 3285 | -9/Materials | Discovered new exit (range 12) 3385 | -9/Materials | Discovered new exit (range 10) 3548 | -9/Materials | Build established: Scavenger-Mutant 3566 | -9/Materials | Discovered new exit (range 5) 3810 | -9/Materials | Discovered new exit (range 13) 3892 | -9/Materials | Repaired Imp. Light Cannon 3926 | -9/Materials | Repaired Imp. Treads 3947 | -9/Materials | Build established: Mutant 3953 | -9/Materials | Repaired Lgt. Treads 4852 | -9/Materials | First assault squad dispatched 5104 | -9/Materials | Discovered new exit (range 5) 5187 | -9/Materials | Repaired Imp. Treads 5239 | -9/Materials | Repaired Lgt. Angular Momentum Engine 5438 | -9/Materials | Entered Mines 5439 | -9/Mines | A Derelict revealed a hidden shortcut to a safe place 5439 | -9/Mines | Assembled infested the area 5807 | -9/Mines | Discovered new exit (range 5) 5874 | -9/Mines | Assisted by bots powering up and referring to "LRC-V3" 5880 | -9/Mines | Learned location of Zion (-7) 5994 | -9/Mines | Found a hidden stash of uninstalled traps 6387 | -9/Mines | Discovered new exit (range 5) 6779 | -9/Mines | Entered Exiles 6779 | -9/Exiles | Accompanied by 3 allies 6800 | -9/Exiles | Discovered new exit (range 15) 6823 | -9/Exiles | Met 8R-AWN 6845 | -9/Exiles | Met EX-HEX 6898 | -9/Exiles | Met EX-BIN 6920 | -9/Exiles | Aligned with FarCom system 6922 | -9/Exiles | Given EX-Vault access code 6959 | -9/Exiles | Opened EX-Vault 6970 | -9/Exiles | Found AWS/Gauss 7005 | -9/Exiles | Warned to stay clear of 0b10 Research branches 7051 | -9/Exiles | Met EX-DEC 7122 | -9/Exiles | Discovered new exit (range 14) 7139 | -9/Exiles | Left Exiles lab with AWS/Gauss 7139 | -9/Exiles | Entered Mines 7139 | -8/Mines | Accompanied by 3 allies 7267 | -8/Mines | Discovered new exit (range 11) 7910 | -8/Mines | Discovered new exit (range 9) 8157 | -8/Mines | Entered Materials 8157 | -8/Materials | Evolved 2 slots: Propulsion x2 8939 | -8/Materials | Build established: Scavenger-Mutant 9252 | -8/Materials | Build established: Mutant 9368 | -8/Materials | Lost 3 parts (2n1u) 9407 | -8/Materials | Garrison activated, responded to threat 9569 | -8/Materials | Garrison activated, responded to threat 9669 | -8/Materials | Discovered new exit (range 14) 9956 | -8/Materials | Build established: Scavenger-Mutant 10459 | -8/Materials | Build established: Mutant 10463 | -8/Materials | Identified exit to Garrison 10463 | -8/Materials | Entered Garrison 10612 | -8/Garrison | Triggered checkpoint 10677 | -8/Garrison | Garrison Relay disabled 10688 | -8/Garrison | Installed Relay Interface Framework 10780 | -8/Garrison | Triggered checkpoint 10867 | -8/Garrison | Discovered new exit (range 66) 10867 | -8/Garrison | Discovered new exit (range 68) 10867 | -8/Garrison | Discovered new exit (range 30) 11008 | -8/Garrison | Triggered checkpoint 11155 | -8/Garrison | Entered Materials 12159 | -8/Materials | Discovered new exit (range 5) 12306 | -8/Materials | Discovered new exit (range 14) 12644 | -8/Materials | Repaired Hvy. Armor Plating 12691 | -8/Materials | Identified exit to Garrison 12801 | -8/Materials | Entered Garrison 12968 | -8/Garrison | Triggered checkpoint 13010 | -8/Garrison | Discovered new exit (range 12) 13094 | -8/Garrison | Triggered checkpoint 13130 | -8/Garrison | Discovered new exit (range 7) 13130 | -8/Garrison | Discovered new exit (range 70) 13130 | -8/Garrison | Discovered new exit (range 77) 13172 | -8/Garrison | Expanded RIF knowledge: Watcher Feeds 13480 | -8/Garrison | Garrison Relay disabled 13615 | -8/Garrison | Entered Factory 13615 | -7/Factory | Evolved 2 slots: Utility x2 14085 | -7/Factory | Discovered new exit (range 96) 14495 | -7/Factory | Repaired Adv. Drone Bay 15392 | -7/Factory | Identified exit to Garrison 15395 | -7/Factory | Entered Garrison 15396 | -7/Garrison | Triggered checkpoint 15432 | -7/Garrison | Heavy support dispatched to Factory 15498 | -7/Garrison | Garrison Relay disabled 15544 | -7/Garrison | Garrison Relay disabled 15674 | -7/Garrison | Triggered checkpoint 15700 | -7/Garrison | Destroyed 7 combat bots 15813 | -7/Garrison | Discovered new exit (range 10) 15860 | -7/Garrison | Triggered checkpoint 16002 | -7/Garrison | Triggered checkpoint 16288 | -7/Garrison | Discovered new exit (range 9) 16307 | -7/Garrison | Expanded RIF knowledge: Program Shield 16344 | -7/Garrison | Heavy support dispatched to Factory 16380 | -7/Garrison | Triggered checkpoint 16516 | -7/Garrison | Triggered checkpoint 16613 | -7/Garrison | Discovered new exit (range 14) 16640 | -7/Garrison | Triggered checkpoint 16661 | -7/Garrison | Heavy support dispatched to Factory 16837 | -7/Garrison | Entered Factory 16837 | -7/Factory | Accompanied by 1 ally 17091 | -7/Factory | Discovered new exit (range 12) 17237 | -7/Factory | First assault squad dispatched 17258 | -7/Factory | Discovered new exit (range 13) 17580 | -7/Factory | Repaired Broken Arm. Medium Treads 17853 | -7/Factory | Repaired Adv. Treads 18272 | -7/Factory | Fabricated O-24 Administrator? 18879 | -7/Factory | Discovered new exit (range 14) 19946 | -7/Factory | Identified exit to Garrison 20245 | -7/Factory | Discovered new exit (range 5) 20435 | -7/Factory | Lost 3 parts (1n1u1w) 20626 | -7/Factory | System corruption reached 10% 20846 | -7/Factory | Repaired Enh. Gauss Cannon 21149 | -7/Factory | Entered Garrison 21379 | -7/Garrison | Spotted B-75 Beast 21382 | -7/Garrison | Spotted B-75 Beast 21490 | -7/Garrison | Triggered checkpoint 21529 | -7/Garrison | Destroyed 7 combat bots 21564 | -7/Garrison | Triggered checkpoint 21662 | -7/Garrison | Discovered new exit (range 10) 21712 | -7/Garrison | Triggered checkpoint 21756 | -7/Garrison | Triggered checkpoint 21787 | -7/Garrison | Learned Factory security intel 21963 | -7/Garrison | Triggered checkpoint 21968 | -7/Garrison | Triggered checkpoint 22056 | -7/Garrison | Discovered new exit (range 12) 22073 | -7/Garrison | Expanded RIF knowledge: Signal Jamming 22168 | -7/Garrison | Triggered checkpoint 22564 | -7/Garrison | Discovered new exit (range 5) 22628 | -7/Garrison | Triggered checkpoint 22717 | -7/Garrison | Garrison Relay disabled 22807 | -7/Garrison | Entered Factory 22807 | -6/Factory | Evolved 2 slots: Utility x2 23036 | -6/Factory | Build established: Bothacker-Mutant 23076 | -6/Factory | Fabricated Fission Core (x2) 23157 | -6/Factory | First assault squad dispatched 23349 | -6/Factory | Destroyed 10 combat bots 23489 | -6/Factory | Lost 3 parts (2n1u) 23728 | -6/Factory | Discovered new exit (range 4) 24332 | -6/Factory | Repaired Imp. Shield Generator 24352 | -6/Factory | Repaired Missile Launcher 24636 | -6/Factory | Identified exit to Lower Caves 24791 | -6/Factory | Repaired Broken Hvy. Phase Cannon 24836 | -6/Factory | Repaired Imp. EM Pulse Cannon 24881 | -6/Factory | Repaired Med. Reactive Plating 25269 | -6/Factory | Identified exit to Garrison 25269 | -6/Factory | Entered Garrison 25269 | -6/Garrison | Accompanied by 1 ally 25297 | -6/Garrison | Spotted B-75 Beast 25374 | -6/Garrison | Found Fusion Bomb Launcher 25446 | -6/Garrison | Found Antimissile System 25538 | -6/Garrison | Triggered checkpoint 25755 | -6/Garrison | Triggered checkpoint 25815 | -6/Garrison | Destroyed 7 combat bots 25972 | -6/Garrison | Triggered checkpoint 26068 | -6/Garrison | Expanded RIF knowledge: Autoassimilate 26103 | -6/Garrison | Discovered new exit (range 3) 26143 | -6/Garrison | Spotted B-75 Beast 26172 | -6/Garrison | Destroyed B-75 Beast 26175 | -6/Garrison | Spotted B-86 Titan 26242 | -6/Garrison | Destroyed B-86 Titan 26261 | -6/Garrison | Found Hvy. Reflective Plating 26271 | -6/Garrison | Lost 3 parts (2u1w) 26291 | -6/Garrison | Rewired B-90 Cyclops 26323 | -6/Garrison | Rewired B-90 Cyclops 26350 | -6/Garrison | Found Quantum Capacitor 26678 | -6/Garrison | Garrison Relay disabled 26769 | -6/Garrison | Entered Factory 26769 | -5/Factory | Accompanied by 3 allies 26769 | -5/Factory | Evolved 2 slots: Power x1, Utility x1 27663 | -5/Factory | Discovered new exit (range 5) 28446 | -5/Factory | Cargo convoy interrupted 29256 | -5/Factory | Discovered new exit (range 6) 29645 | -5/Factory | Build established: Scavenger-Mutant 29989 | -5/Factory | Build established: Hacker-Mutant 30625 | -5/Factory | Fabricated Arm. Heavy Treads? 30652 | -5/Factory | Spotted B-75 Beast 30980 | -5/Factory | Entered Extension 31671 | -5/Extension | Repaired Hvy. Mass Driver 31900 | -5/Extension | Rescued a captive Derelict 31901 | -5/Extension | Rescued a captive Derelict 32401 | -5/Extension | Rescued a captive Derelict 32401 | -5/Extension | Rescued a captive Derelict 32494 | -5/Extension | Build established: Commander-Mutant 32730 | -5/Extension | Spotted B-75 Beast 32750 | -5/Extension | Spotted B-75 Beast 32758 | -5/Extension | Allies destroyed B-75 Beast 33055 | -5/Extension | Rescued A7 33654 | -5/Extension | Rescued a captive Derelict 33655 | -5/Extension | Rescued a captive Derelict 33772 | -5/Extension | Rescued a captive Derelict 33781 | -5/Extension | Rescued a captive Derelict 33991 | -5/Extension | Discovered new exit (range 10) 33994 | -5/Extension | Discovered new exit (range 6) 34040 | -5/Extension | Entered Cetus 34040 | -5/Cetus | Accompanied by 18 allies (A7) 34045 | -5/Cetus | Acquired a Cetus Manufacturing Module code from A7 34075 | -5/Cetus | Spotted Cetus Guard 34078 | -5/Cetus | Spotted Cetus Guard 34080 | -5/Cetus | Spotted Cetus Guard 34080 | -5/Cetus | Spotted Cetus Guard 34081 | -5/Cetus | Allies destroyed Cetus Guard 34089 | -5/Cetus | Allies destroyed Cetus Guard 34096 | -5/Cetus | Allies destroyed Cetus Guard 34097 | -5/Cetus | Allies destroyed Cetus Guard 34232 | -5/Cetus | Started Cetus Manufacturing Module 34251 | -5/Cetus | Escorted A7 to Cetus Mainframe 34257 | -5/Cetus | Manufactured an Enhanced Grunt 34282 | -5/Cetus | Manufactured an Enhanced Grunt 34307 | -5/Cetus | Manufactured an Enhanced Grunt 34318 | -5/Cetus | Cetus Manufacturing Module disabled 34363 | -5/Cetus | Discovered new exit (range 15) 34399 | -5/Cetus | Discovered new exit (range 27) 34421 | -5/Cetus | Spotted Cetus Guard 34421 | -5/Cetus | Spotted Cetus Guard 34421 | -5/Cetus | Spotted Cetus Guard 34421 | -5/Cetus | Spotted Cetus Guard 34433 | -5/Cetus | Allies destroyed Cetus Guard 34434 | -5/Cetus | Allies destroyed Cetus Guard 34438 | -5/Cetus | Allies destroyed Cetus Guard 34442 | -5/Cetus | Allies destroyed Cetus Guard 34446 | -5/Cetus | Met Revision 17 34566 | -5/Cetus | Entered Archives 34566 | -5/Archives | Accompanied by 6 allies (A7) 34571 | -5/Archives | Received a hacking code to weaken MAIN.C 34662 | -5/Archives | Discovered new exit (range 14) 34716 | -5/Archives | Discovered new exit (range 16) 34776 | -5/Archives | Build established: Scavenger-Mutant 34925 | -5/Archives | Discovered new exit (range 15) 35777 | -5/Archives | Entered Hub_04(d) 35777 | -5/Hub_04(d) | Accompanied by 3 allies 35778 | -5/Hub_04(d) | Discovered new exit (range 29) 35790 | -5/Hub_04(d) | Discovered new exit (range 22) 35815 | -5/Hub_04(d) | Discovered new exit (range 16) 36424 | -5/Hub_04(d) | Identified exit to Garrison 36433 | -5/Hub_04(d) | Garrison activated, responded to threat 37751 | -5/Hub_04(d) | Discovered new exit (range 28) 38285 | -5/Hub_04(d) | Identified exit to Factory 38746 | -5/Hub_04(d) | System corruption reached 10% 38775 | -5/Hub_04(d) | Lost 3 parts (1p1n1u) 38781 | -5/Hub_04(d) | Network Hub disabled 38810 | -5/Hub_04(d) | Network Hub disabled 38813 | -5/Hub_04(d) | Network Hub disabled 38873 | -5/Hub_04(d) | Spotted Lightning 38876 | -5/Hub_04(d) | Spotted Lightning 39330 | -5/Hub_04(d) | Entered Factory 39330 | -4/Factory | Evolved 2 slots: Utility x2 39405 | -4/Factory | Discovered new exit (range 16) 39472 | -4/Factory | Imp. System Shield fried by hacking feedback 39762 | -4/Factory | Build established: Hacker-Mutant 40209 | -4/Factory | Fabricated B-60 Warrior? 40305 | -4/Factory | Garrison activated, responded to threat 40339 | -4/Factory | Fabricated Arm. Heavy Treads? 40830 | -4/Factory | Discovered new exit (range 13) 40921 | -4/Factory | Identified exit to Upper Caves 40921 | -4/Factory | Identified exit to Armory 41127 | -4/Factory | Repaired Broken Hvy. Phase Cannon 42599 | -4/Factory | Discovered new exit (range 7) 42800 | -4/Factory | Fabricated Adv. Cooling System? 43243 | -4/Factory | Central database locked down 43934 | -4/Factory | Found Quantum Capacitor 44054 | -4/Factory | System corruption reached 10% 44080 | -4/Factory | First assault squad dispatched 44185 | -4/Factory | Lost 3 parts (2n1u) 44244 | -4/Factory | Crushed by falling debris 44501 | -4/Factory | Entered Armory 44570 | -4/Armory | Found Quantum Capacitor 44842 | -4/Armory | Build established: Mutant 46031 | -4/Armory | First assault squad dispatched 46127 | -4/Armory | Fabricated A-02 Transporter (x1) 46453 | -4/Armory | Found Prototype Processor 46453 | -4/Armory | Identified Exp. Targeting Computer 46559 | -4/Armory | System corruption reached 30% 46592 | -4/Armory | Found Exp. Targeting Computer 46623 | -4/Armory | Core integrity fell below 50% 46665 | -4/Armory | Lost 8 parts (2p1n4u1w) 46715 | -4/Armory | Spotted B-86 Titan 46781 | -4/Armory | Discovered new exit (range 3) 46782 | -4/Armory | Entered Research 46782 | -3/Research | Evolved 2 slots: Propulsion x2 46785 | -3/Research | Identified exit to DSF 46785 | -3/Research | Entered DSF 46807 | -3/DSF | Additional patrols routed to DSF 46853 | -3/DSF | Discovered new exit (range 15) 46857 | -3/DSF | Entered Research 46857 | -2/Research | Evolved 2 slots: Propulsion x1, Utility x1 47132 | -2/Research | Identified exit to Quarantine 47164 | -2/Research | Found Fusion Bomb Launcher 47174 | -2/Research | Spotted B-90 Cyclops 47256 | -2/Research | Discovered new exit (range 25) 47257 | -2/Research | Spotted B-90 Cyclops 47355 | -2/Research | Entered Quarantine 47356 | -2/Quarantine | Maximum security lockdown engaged 47375 | -2/Quarantine | Found Sigix Corpse 47388 | -2/Quarantine | Found Alien Reactor 47388 | -2/Quarantine | Identified Matter Drive 47454 | -2/Quarantine | Spotted Fortress 47470 | -2/Quarantine | Discovered new exit (range 6) 47471 | -2/Quarantine | Entered Section 7 47472 | -2/Section 7 | Maximum security lockdown engaged 47476 | -2/Section 7 | Spotted S7 Guard 47481 | -2/Section 7 | Found Alien Artifact 47481 | -2/Section 7 | Identified Navigation Efficiency Matrix 47481 | -2/Section 7 | Installed Navigation Efficiency Matrix, process failed with unexpected side effects 47488 | -2/Section 7 | Spotted S7 Guard 47492 | -2/Section 7 | Found Alien Artifact 47492 | -2/Section 7 | Identified Core Membrane 47492 | -2/Section 7 | Installed Core Membrane, gained immunity to corruption 47503 | -2/Section 7 | Found Alien Artifact 47503 | -2/Section 7 | Identified Microwarp Drive 47521 | -2/Section 7 | Spotted Alpha 7 47522 | -2/Section 7 | Spotted Alpha 7 47522 | -2/Section 7 | Spotted B-99 Colossus 47534 | -2/Section 7 | Spotted Executioner 47534 | -2/Section 7 | Spotted Executioner 47553 | -2/Section 7 | Spotted Executioner 47553 | -2/Section 7 | Spotted Executioner 47600 | -2/Section 7 | Lost 5 parts (1p3n1u) 47601 | -2/Section 7 | Scanned by Researcher 47610 | -2/Section 7 | Found Alien Artifact 47610 | -2/Section 7 | Identified LRC Matter Compressor 47610 | -2/Section 7 | Installed LRC Matter Compressor, increased matter storage capacity (+125) 47613 | -2/Section 7 | Found Alien Artifact 47613 | -2/Section 7 | Identified LRC Storage 47613 | -2/Section 7 | Installed LRC Storage, increased inventory capacity (+2) 47615 | -2/Section 7 | Found Alien Artifact 47615 | -2/Section 7 | Identified LRC Energy Well 47615 | -2/Section 7 | Installed LRC Energy Well, increased energy storage capacity (+250) 47636 | -2/Section 7 | Build established: Sprinter 47656 | -2/Section 7 | Found Alien Artifact 47656 | -2/Section 7 | Identified Integrity Redistributor 47656 | -2/Section 7 | Used Integrity Redistributor, redistributed integrity from core (-21) 47675 | -2/Section 7 | Found Alien Artifact 47675 | -2/Section 7 | Identified Integrated Reactor 47675 | -2/Section 7 | Installed Integrated Reactor, increased core energy generation (+10) 47676 | -2/Section 7 | Found Integrated Reactor 47676 | -2/Section 7 | Installed Integrated Reactor, increased core energy generation (+10) 47731 | -2/Section 7 | Core integrity fell below 50% 47731 | -2/Section 7 | Spotted Investigator 47764 | -2/Section 7 | Spotted S7 Guard 47773 | -2/Section 7 | Found Alien Artifact 47773 | -2/Section 7 | Identified Integrated Thermoelectric Network 47773 | -2/Section 7 | Installed Integrated Thermoelectric Network, gained heat-energy exchange potential 47780 | -2/Section 7 | Intercept squad dispatched 47787 | -2/Section 7 | Core integrity fell below 20% 47788 | -2/Section 7 | Spotted Tracker 47788 | -2/Section 7 | Spotted Tracker 47792 | -2/Section 7 | Destroyed by G-73 Enforcer with Phase Gun Last Messages --------------- 47790_ G-73 Enforcer unfolds itself. 47790_ L-61 Swordsman unfolds itself. 47790_ B-74 Champion unfolds itself. 47790_ G-73 Enforcer unfolds itself. 47790_ M-36 Artificer unfolds itself. 47790_ W-44 Eye suffers critical hit (Burn). 47790_ Microwarped (distance 3). 47790_ W-44 Eye distress signal jammed. 47790_ I-47 Archangel distress signal jammed. 47790_ W-44 Eye distress signal jammed. 47790_ Penetrated by Slug. 47791_ >> Watcher Feeds: Established visual feed link with W-44 Eye. 47791_ Cld. Nuclear Pulse Thruster destroyed. 47791_ Microwarped (distance 3). 47791_ W-44 Eye distress signal jammed. 47791_ I-47 Archangel distress signal jammed. 47791_ W-44 Eye distress signal jammed. 47791_ Microwarp Drive destroyed. 47792_ Great Axe destroyed. 47792_ W-44 Eye distress signal jammed. Map ----- +----------------------------------------------------+ | ??# # #???????????? | | ??# # #???????????? | | ??# # #???????????? | | ??# + #???????????? | | ??# # ################# #???????????? | | ??# # #???????????????# #???????????? | | #+######+### #???????????????# #???????????? | | +???????????????# #???????????? | | #???????????????# #???????????? | | #???????????????# #???????????? | | #???????????????# #???????????? | | #+########## #???????????????# #???????????? | | #??????# #???????????????# #???????????? | | #??????# #???????????????# #???????????? | | " #??????# #???????????"""?# #???????????? | | "" #??????# #???Y???????"""?# #???????????? | | """ #??????# #???????????"""?# #???????????? | | """"#??????# #???????????????# #???????????? | | #####??????# ??????""T""?????# #???????????? | | ???????????# #?????"""""?????# #???????????? | | ???????????# #???????????????# #Y??????????? | | ############ ############+#### #####+####### | | p ss "%" | | w g g " | | s g s gc h | | s l @g gm hi %C | | #######+############## g ##g#############/####### | | ?????# #?????# g m#g #???# " #???? | | ?????# #?????# b # #???# #???? | | ?????#! ! #?????# # #???# ! #???? | | ?????# #?????#p # #???# " ! +???? | | ?????# "" "" #?????# pm# #???# "%" #???? | | ?????# ""S"" #?????# # * ##### " + | | ?????# """" #?????# # / " #???? | | ?????# #?????# # ##### #???? | | ?????## ########?????#w h # #???# #???? | | ??????##?????????????# # #???##########???? | | ?????????????????????#w # #????????????????? | | ?????????????????????# # #????????????????? | | ?????????????????????# #######????????????????? | | ?????????????????????# #??????????????????????? | | ?????????????????????+ #??????????????????????? | | ?????????????????????# #??????????????????????? | | ?????????????????????# #??????????????????????? | | ?????????????????????# #??????????????????????? | | ?????????????????????# w#??????????????????????? | | ?????????????????????# #??????????????????????? | | ?????????????????????# ?????????????????????? | | ?????????????????????# ????????????????????? | | ?????????????????????# ???????????????????? | +----------------------------------------------------+ Best States ------------- Heat Dissipation 93 Coolant Potential 120 Energy Generation 57 Energy Capacity 600 Matter Stores 300 Matter Capacity 425 Sight Range 23 Terrain Scan Range 20 Terrain Scan Density 85 Jamming Range 12 Cloak Strength 3 Power Amplification 30 Additional Mass Support 9 Corruption Block 20 Armor Coverage 1650 Resistance: KI 30 Resistance: TH 25 Resistance: EM 15 Core Shielding 20 Propulsion Shielding 33 Weapon Shielding 33 Point Defense Rating 240 Evasion (%) 66 Targeting Accuracy 12 Melee Accuracy 8 Recoil Reduction 4 Matter Filtering 30 Particle Charging 20 Salvage Targeting 1 Offensive Hacking 26 Defensive Hacking 14 Relay Coupler Types 2 Relay Coupler Value 54 Authchip Count 2 Item Schematics ----------------- Huge Storage Unit | -10/Materials | Hacked Hacking Suite | -9/Materials | Scanalyzed Hcp. Storage Unit | -9/Materials | Scanalyzed Nova Cannon | -5/Factory | Scanalyzed Quantum Capacitor | -5/Factory | Scanalyzed Hvy. Treads | -5/Factory | Scanalyzed Fusion Bomb Launcher | -5/Factory | Scanalyzed Adv. Force Field | -5/Factory | Scanalyzed Antimissile System | -5/Factory | Scanalyzed Arm. Heavy Treads | -5/Factory | Scanalyzed Adv. Cooling System | -5/Factory | Scanalyzed Robot Schematics ------------------ None Fabricated ------------ O-24 Administrator | x1 | -7/Factory | Preloaded Fission Core | x2 | -6/Factory | Preloaded Arm. Heavy Treads | x2 | -5/Factory | Authchip B-60 Warrior | x3 | -4/Factory | Preloaded Arm. Heavy Treads | x2 | -4/Factory Adv. Cooling System | x1 | -4/Factory | Authchip A-02 Transporter | x1 | -4/Armory | Preloaded Alien Tech Used ----------------- Matter Drive Navigation Efficiency Matrix Core Membrane Microwarp Drive LRC Matter Compressor LRC Storage LRC Energy Well Integrity Redistributor Integrated Reactor Integrated Thermoelectric Network Achievements -------------- Nope Signature Confirmed Speed Demon Supersonic Whoosh! Challenges ------------ None Game ------ Seed PhasingAdvancedGun Manual? 0 Play Time 05:07:07 Cumulative 153.5 hours Start 2024.01.29 @ 08:40:53 End 2024.01.29 @ 21:38:14 Sessions 5 Manual Loads 0 Difficulty Rogue Special Mode None Game No. 136 Rogue 136 Adventurer 0 Explorer 0 Win Type - Total 2 Types 2/0/0/0/0/0/0/0/0 Lore% 59 Gallery% 66 Achievement% 58 Wizard Run 0 Options --------- ASCII 0 Keyboard 1 Movement Numpad Keybinds 0 Fullscreen 2 Font 18/SmallcapsGlow Map View 76x50 Tactical HUD 1 Map Filters NONE Filters NONE Steam 1 RUN: 10fdf134-9e1d-4aa4-afa8-5cb793ae1ce4